Map: Mech-Depot LE

Players

IlIlIlIIIllI

  • Race: Protoss Protoss
  • League: Diamond
  • Spawn Location: 1:00

Panda - Winner!

  • Race: Zerg Zerg
  • League: Platinum
  • Spawn Location: 7:00

VOD

Have the link to the VOD?

Description

Time

  • Played on: Aug. 30, 2017, 5:45 a.m.
  • Length: 2:56
Show
View Real Time Build Order
Export as new Build Order

IlIlIlIIIllI Protoss 

Build Orders:  

Get SALT Encoding   

  12  1:15  Pylon  
  12  1:18  Pylon  
  12  1:19  Pylon  
  12  1:20  Pylon  
  12  1:22  Pylon  
  12  1:23  Pylon  
  12  1:25  Pylon  
  12  1:27  Pylon  
  12  1:28  Pylon  
  12  1:42  Pylon  
  12  1:55  Pylon  
  12  1:56  Pylon  
  12  2:15  Pylon  
Show
View Real Time Build Order
Export as new Build Order

Panda Zerg - Winner!

Build Orders: Pool First 

Get SALT Encoding   

  12  0:01  Drone  
  13  0:13  Overlord  
  13  0:24  Drone  
  14  0:32  Drone x2  
  14  0:35  Drone  
  17  0:46  Extractor  
  17  0:47  Drone  
  17  0:51  Spawning Pool  
  17  0:56  Drone  
  17  1:16  Hatchery  
  16  1:19  Drone  
  17  1:48  Spine Crawler  
  17  1:49  Spine Crawler  
  17  1:53  Spine Crawler  
  14  2:23  Drone x3  
  19  2:49  Roach Warren  
Tags
 
Matchup
PvZ
Opening
Pool First
Replay Pack
replays1
Spawn Locations
Cross Positions
Add a new tag
Caveats
  • Supply blocks, unpowered buildings, or Contaminate may cause inaccurate times.
  • Supply counts are checked every 10 seconds.